 Dungeon Crawl Stone Soup version 0.30.1-11-g7821555f0a (webtiles) character file.

Game seed: 5897072535202570751

5849 Deilan the Spear-Bearer (level 10, -1/65 HPs)
             Began as a Merfolk Enchanter on Nov 6, 2023.
             Was an Elder of Okawaru.
             Killed by the air
             ... invoked by Gastronok
              (28 damage)
             ... on level 8 of the Dungeon on Nov 7, 2023.
             The game lasted 01:15:45 (11043 turns).

Deilan the Spear-Bearer (Merfolk Enchanter)        Turns: 11043, Time: 01:15:46

Health: -1/65      AC: 12    Str:  9    XL:     10   Next: 81%
Magic:  19/19      EV: 15    Int: 19    God:    Okawaru [****..]
Gold:   493        SH:  5    Dex: 14    Spells: 9/21 levels left

rFire   . . .        u - +4 trident
rCold   + . .        d - +0 buckler
rNeg    . . .        h - +2 ring mail {rC+}
rPois   .            (no helmet)
rElec   .            (no cloak)
rCorr   .            m - +1 pair of gloves {hurl}
SInv    .            B - +1 pair of boots
Will    .....        (no amulet)
Stlth   ++           i - ring of wizardry
HPRegen 0.30/turn    k - +5 ring of evasion
MPRegen 0.16/turn

%: wizardry (x1)
@: no status effects
A: (nimble swimmer 2), mertail
a: Renounce Religion, Heroism, Finesse


You were on level 8 of the Dungeon.
You worshipped Okawaru.
Okawaru was greatly pleased with you.
You visited 2 branches of the dungeon, and saw 9 of its levels.
You also visited: Sewer.

You collected 535 gold pieces.
You spent 42 gold pieces at shops.

Inventory:

Hand Weapons
 g - a +1 dagger
 n - a +1 dagger of venom
 u - a +4 trident (weapon)
 x - a +0 morningstar of protection
 y - a +0 spear
 C - a +4 falchion
Missiles
 s - 17 poisoned darts (quivered)
 D - 2 curare-tipped darts
Armour
 d - a +0 buckler (worn)
 h - a +2 ring mail of cold resistance (worn)
 m - a +1 pair of gloves of hurling (worn)
 o - +0 acid dragon scales
 B - a +1 pair of boots (worn)
 H - a +0 troll leather armour
Magical Staves
 f - a staff of cold
Jewellery
 i - a ring of wizardry (left hand)
 j - a +6 ring of dexterity
 k - a +5 ring of evasion (right hand)
 l - a +6 ring of intelligence
 E - a ring of resist corrosion
 I - a +6 ring of dexterity
Wands
 p - a wand of flame (16)
Scrolls
 a - a scroll of poison
 b - 2 scrolls of magic mapping
 c - a scroll of enchant weapon
 e - a scroll of enchant armour
 z - 2 scrolls of vulnerability
 J - a scroll of identify
Potions
 q - 2 potions of mutation
 t - 2 potions of magic
 v - a potion of might
 w - a potion of haste {unknown}
 A - a potion of degeneration {unknown}
 F - a potion of attraction {unknown}
 G - 3 potions of brilliance


   Skills:
 - Level 1.3 Fighting
 - Level 1.2 Short Blades
 * Level 11.1 Polearms
 - Level 1.3 Throwing
 - Level 5.1 Armour
 - Level 3.0 Dodging
 - Level 3.2 Stealth
 - Level 5.0 Shields
 + Level 6.3 Spellcasting
 + Level 7.3 Hexes
 - Level 2.0 Translocations


You had 9 spell levels left.
You knew the following spells:

 Your Spells              Type           Power      Damage    Failure   Level
a - Slow                  Hex            100%       N/A       1%          1
b - Blink                 Tloc           26%        N/A       11%         2
c - Confusing Touch       Hex            34%        N/A       2%          3
d - Dazzling Flash        Conj/Hex       40%        N/A       11%         3
w - Tukima's Dance        Hex            34%        N/A       2%          3

Your spell library contained the following spells:

 Spells                   Type           Power      Damage    Failure   Level
 Ensorcelled Hibernation  Hex/Ice        40%        N/A       5%          2
 Vampiric Draining        Necr           6%         2d6       41%         3
 Manifold Assault         Tloc           13%        N/A       52%         4
 Storm Form               Tmut/Air       3%         N/A       100%        7


Dungeon Overview and Level Annotations

Branches:
Dungeon (8/15)             Temple (1/1) D:4           Sewer (visited)
   Lair: D:8-11

Altars:
Cheibriados
Dithmenos
Elyvilon
Fedhas
Gozag
Kikubaaqudgha
Nemelex Xobeh
Okawaru
Qazlal
Ru
Sif Muna
Trog
Uskayaw
Wu Jian
Yredelemnul
Zin
The Shining One

Shops:
D:3 (:

Annotations:
D:8 Gastronok


Innate Abilities, Weirdness & Mutations

((You are very nimble when in or above water. (Stealth+, EV+, Speed+++)))
Your lower body shifts to a powerful aquatic tail in water.


Message History

Throw: 20 darts (poison)
Press: ? - help, Q - select action, (/) - cycle Shift-Dir - straight line, f/p - steam dragon
Aim: a steam dragon (very poisoned, 63% to hit)
You throw a poisoned dart.
The poisoned dart hits the steam dragon.
Throw: 19 darts (poison)
Press: ? - help, Q - select action, (/) - cycle Shift-Dir - straight line, f/p - steam dragon
Aim: a steam dragon (very poisoned, 63% to hit)
You throw a poisoned dart.
The poisoned dart hits the steam dragon.
The steam dragon looks even sicker.
Throw: 18 darts (poison)
Press: ? - help, Q - select action, (/) - cycle Shift-Dir - straight line, f/p - steam dragon
Aim: a steam dragon (very poisoned, 63% to hit)
You throw a poisoned dart.
The poisoned dart closely misses the steam dragon.
Reach: u) +4 trident
Press: ? - help, Dir - move target, f/p - steam dragon
Aim: a steam dragon (very poisoned, about 33% to evade your +4 trident)
You reach to attack!
You hit the steam dragon.
The steam dragon is lightly wounded.
The steam dragon breathes steam at you. The ball of steam hits you!!
You are engulfed in a cloud of scalding steam.
The steam dragon closely misses you.
The steam dragon claws you but does no damage.
You hit the steam dragon but do no damage.
The steam dragon is lightly wounded.
You are engulfed in a cloud of scalding steam.
The steam dragon bites you but does no damage.
The steam dragon barely misses you.
Gastronok the Ponderous comes into view.
He is wearing a +1 hat of stealth.
The steam dragon breathes steam at you. The ball of steam misses you.
You hit the steam dragon.
The steam dragon is moderately wounded.
You are engulfed in a cloud of scalding steam.
Gastronok waves his eye-stalks in wide circles.
The air twists around and strikes you!!
You die...

........#
.........# .
......((.## ..
.......(.. ...
....(..##...#
#.#(......#
#####........#
.......D@§§#
######.##.#
.#.....§# ..
.......§# .w.
#####...§# #..
#......#.# .
#.######.# #.#
#.# ##### #.#
#.#


You could see Gastronok and a steam dragon (very poisoned, catching breath).

Vanquished Creatures
  A two-headed ogre (D:8)
  A manticore (D:7)
  Maurice (D:8)
  A troll (D:7)
  Prince Ribbit (D:7)
  A yak (D:7)
  A wyvern (D:7)
  An acid dragon (D:8)
  4 water moccasins
  2 black bears
  3 sky beasts
  2 ice beasts
  An ogre (D:7)
  3 centaurs
  2 kobold brigands
  2 bullfrogs (D:7)
  A gnoll sergeant (D:8)
  4 scorpions
  11 wights
  2 howler monkeys
  5 hounds
  5 orc priests
  A gnoll bouda (D:7)
  2 jellies (D:8)
  4 sleepcaps
  6 iguanas
  3 orc wizards
  A mummy (D:4)
  7 gnolls
  6 river rats
  12 adders
  2 shadow imps
  4 white imps (D:7)
  An ufetubus (D:7)
  2 worms
  3 dart slugs
  26 orcs
  12 ball pythons
  2 bats
  2 endoplasms
  9 giant cockroaches
  2 goblins
  6 hobgoblins
  9 jackals
  10 quokkas
  4 frilled lizards
  4 hobgoblin zombies (D:4)
  16 kobolds
  5 rats
216 creatures vanquished.

Vanquished Creatures (collateral kills)
  An orc (D:6)
  A kobold (D:6)
2 creatures vanquished.

Vanquished Creatures (others)
  A dancing weapon (D:6)
1 creature vanquished.

Grand Total: 219 creatures vanquished

Notes
Turn   | Place    | Note
-------+----------+-------------------------------------------
     0 | D:1      | Deilan the Merfolk Enchanter began the quest for the Orb.
     0 | D:1      | Reached XP level 1. HP: 13/13 MP: 3/3
   138 | D:1      | Reached XP level 2. HP: 20/20 MP: 5/5
   237 | D:1      | Reached skill level 1 in Fighting
   734 | D:1      | Learned a level 1 spell: Slow
   985 | D:2      | Reached XP level 3. HP: 26/26 MP: 3/6
  1076 | D:2      | Learned a level 3 spell: Confusing Touch
  1107 | D:2      | HP: 1/26 [adder (3)]
  1385 | D:2      | Reached skill level 1 in Polearms
  1949 | D:3      | Found Joatiz's Weapon Emporium.
  1952 | D:3      | Bought a +0 trident for 42 gold pieces
  1968 | D:3      | Reached skill level 1 in Shields
  1990 | D:3      | Reached XP level 4. HP: 14/32 MP: 7/7
  2013 | D:3      | Found a glowing drain.
  2026 | D:3      | Reached skill level 2 in Polearms
  2084 | Sewer    | Entered a sewer
  2292 | Sewer    | Reached XP level 5. HP: 35/37 MP: 8/8
  2395 | Sewer    | Reached skill level 3 in Polearms
  2923 | D:3      | Learned a level 3 spell: Dazzling Flash
  2987 | D:3      | Found a basalt altar of Yredelemnul.
  3178 | D:3      | Reached XP level 6. HP: 43/43 MP: 9/9
  3219 | D:3      | Found Qympiaz's Vocational Training.
  3789 | D:3      | Identified a scroll of acquirement
  3789 | D:3      | Acquired a +1 pair of gloves of hurling
  3835 | D:4      | Reached skill level 4 in Polearms
  3983 | D:4      | Reached XP level 7. HP: 48/48 MP: 10/10
  4027 | D:4      | Found a hide-covered altar of Uskayaw.
  4053 | D:4      | Reached skill level 5 in Polearms
  4134 | D:4      | Learned a level 3 spell: Tukima's Dance
  4475 | D:4      | Found a glowing golden altar of the Shining One.
  4724 | D:4      | Found a staircase to the Ecumenical Temple.
  4731 | Temple   | Entered the Ecumenical Temple
  4947 | D:5      | Entered Level 5 of the Dungeon
  4983 | D:5      | Reached skill level 6 in Polearms
  5044 | D:5      | Reached skill level 1 in Armour
  5233 | D:5      | Reached XP level 8. HP: 54/54 MP: 11/11
  6725 | D:6      | Found an iron altar of Okawaru.
  6730 | D:6      | Became a worshipper of Warmaster Okawaru
  7126 | D:6      | Reached XP level 9. HP: 22/59 MP: 8/14
  7499 | D:6      | Reached skill level 5 in Armour
  7502 | D:6      | Learned a level 2 spell: Blink
  7926 | D:7      | Reached skill level 5 in Hexes
  7926 | D:7      | Reached skill level 1 in Translocations
  7946 | D:7      | Reached skill level 5 in Shields
  8113 | D:7      | Noticed Prince Ribbit
  8538 | D:7      | Killed Prince Ribbit
  8538 | D:7      | Reached * piety under Okawaru
  8539 | D:7      | Reached skill level 1 in Throwing
  8877 | D:7      | Reached skill level 7 in Polearms
  9011 | D:7      | Reached skill level 5 in Spellcasting
  9053 | D:7      | Reached skill level 8 in Polearms
  9181 | D:7      | Noticed a troll
  9195 | D:7      | Killed a troll
  9195 | D:7      | Reached ** piety under Okawaru
  9196 | D:7      | Reached XP level 10. HP: 30/65 MP: 9/17
  9235 | D:7      | Noticed a manticore
  9268 | D:7      | Killed a manticore
  9269 | D:7      | Reached skill level 9 in Polearms
  9452 | D:7      | Reached *** piety under Okawaru
 10179 | D:8      | Noticed Maurice
 10211 | D:8      | Killed Maurice
 10212 | D:8      | Reached skill level 10 in Polearms
 10539 | D:8      | Noticed a two-headed ogre
 10587 | D:8      | Killed a two-headed ogre
 10587 | D:8      | Reached **** piety under Okawaru
 10673 | D:8      | Reached skill level 11 in Polearms
 11042 | D:8      | Noticed Gastronok
 11043 | D:8      | Killed from afar by Gastronok

Illustrated notes

Levels and vault maps discovered:
D:1:      minmay_arrival_nine_rooms, layout_basic
D:2:      layout_basic
D:3:      layout_loops_ring, yredelemnul_altar_generic, serial_shops, shop,
          portal_sewer_entry_e, nicolae_shop_vocational
D:4:      wad_woods_stonehenge, layout_basic, old_standard_altar, temple_green,
          minmay_mini_ossuary
D:5:      layout_basic
D:6:      layout_layer_cave, mainiacjoe_overflow_alcove_2, minivault_19,
          minivault_24
D:7:      nzn_winding_woodlands_three_and_one
          [nzn_winding_woodlands_5x15_split_checker,
          nzn_winding_woodlands_5x15_cabin, nzn_winding_woodlands_5x15_zeroes,
          nzn_winding_woodlands_center_garden], layout_basic,
          uniq_prince_ribbit1
D:8:      kennysheep_six_static_rooms, layout_basic, hangedman_decor_opposing,
          uniq_maurice, uniq_gastronok
Temple:   compressed_dpeg_circular_temple

Skill      XL: |  1  2  3  4  5  6  7  8  9 10 |
---------------+-------------------------------+-----
Fighting       | 1 |  1.3
Dodging        | 3 |  3.0
Polearms       | 1 2 3 4 6 8 11 | 11.1
Shields        | 1 2 3 4 5 |  5.0
Hexes          | 4 6 7 |  7.3
Armour         | 1 4 5 |  5.1
Spellcasting   | 3 5 6 |  6.3
Translocations | 2 |  2.0
Throwing       | 1 |  1.3
Short Blades   | |  1.2
Stealth        | |  3.2

Action                     |  1- 3 |  4- 6 |  7- 9 | 10-12 || total
---------------------------+-------+-------+-------+-------++-------
  Melee: Dagger            |    90 |   155 |   291 |       ||   536
         Spear             |    41 |       |       |       ||    41
         Trident           |    21 |    48 |   125 |   178 ||   372
         Punch             |     2 |     3 |       |       ||     5
         Tailslap          |       |     5 |       |       ||     5
         Falchion          |       |       |    95 |       ||    95
         Morningstar       |       |       |    26 |       ||    26
  Throw: Dart              |       |    14 |    34 |    25 ||    73
   Cast: Slow              |     3 |     3 |    23 |     4 ||    33
         Confusing Touch   |       |       |    13 |     2 ||    15
         Tukima's Dance    |       |       |    13 |       ||    13
         Dazzling Flash    |       |       |     4 |    13 ||    17
         Blink             |       |       |     3 |     2 ||     5
    Use: Scroll            |     5 |     9 |     8 |     6 ||    28
         Potion            |     2 |     1 |     3 |     6 ||    12
   Stab: Sleeping          |     5 |     6 |     2 |       ||    13
         Confused          |       |       |    10 |     1 ||    11
         Invisible         |       |       |     3 |     4 ||     7
         Distracted        |       |       |     1 |     1 ||     2
 Armour: Robe              |    12 |       |       |       ||    12
         Ring mail         |     7 |    75 |   184 |    59 ||   325
  Dodge: Dodged            |    96 |   119 |   207 |    87 ||   509
  Block: Buckler           |       |       |   122 |    36 ||   158
